AoeStats
← palomuno

Pilgrims

509233769Analyzed
3v3 RM · 6d ago on Sep 26, 2026· 61m 0s· 6 players
Game mode
Random Map
Map size
Normal (6 player)
Population
200
Speed
Normal
Resources
Standard
Victory
Conquest
Starting age
Dark Age
Ending age
Imperial Age
RankedLock teamsTeams togetherTeam positionsShared explorationLock speedFull tech treeHidden civsTurbo modeCheats
Victory
Defeat
🇨🇦 Bohemians · Canada
924
+10
🇨🇴 Chinese · Colombia
812
+14
🇨🇴 Ethiopians · Colombia
705
+18
🇨🇦 Varangians · Canada
779
-14
🇧🇷 Goths · Brazil
762
-14
🇺🇸 Huns · United States
758
-14
warrior 107574
3:24 Loom
9:39 Feudal Age
11:49 Gold Mining
12:35 Man-at-Arms
16:16 Horse Collar
16:53 Stone Mining
23:33 Castle Age
22:10 Wheelbarrow
21:21 Town Watch
21:30 Fletching
21:41 Scale Mail Armor
53:11 Hand Cart
54:56 Squires
Searam
6:11 Loom
11:56 Feudal Age
13:32 Double-Bit Axe
15:51 Wheelbarrow
17:16 Fishing Lines
18:34 Horse Collar
18:51 Gold Mining
21:32 Castle Age
21:42 Arson
22:29 Squires
29:13 Gillnets
30:41 Gambesons
33:17 Bow Saw
35:08 Caravan
36:50 Hand Cart
41:13 Imperial Age
40:44 Scale Mail Armor
40:55 Forging
41:49 Elite Varangian Guard
42:10 Gothikon
45:05 Two-Man Saw
44:54 Stone Mining
48:30 Elite Longship
50:48 Iron Casting
50:29 Chain Mail Armor
ColeEcoBOOM
7:17 Feudal Age
6:03 Loom
10:03 Horse Collar
12:46 Double-Bit Axe
18:51 Wheelbarrow
18:01 Town Watch
18:41 Stone Mining
19:00 Fletching
20:46 Gold Mining
25:11 Castle Age
24:04 Forging
24:00 Scale Barding Armor
24:34 Scale Mail Armor
24:35 Padded Archer Armor
26:32 Heavy Plow
26:43 Bow Saw
27:54 Gold Shaft Mining
28:52 Bodkin Arrow
29:34 Iron Casting
29:19 Chain Barding Armor
29:49 Fishing Lines
36:42 Imperial Age
35:12 Hand Cart
34:58 Town Patrol
35:30 Chain Mail Armor
35:47 Leather Archer Armor
38:38 Two-Man Saw
38:48 Blast Furnace
38:24 Plate Barding Armor
38:11 Bracer
39:18 Conscription
39:55 Marauders
40:13 Gillnets
41:20 Bloodlines
41:10 Husbandry
40:34 Elite Tarkan
42:26 Atheism
43:04 Light Cavalry
44:07 Cavalier
47:02 Guilds
D.V
13:11 Feudal Age
13:44 Double-Bit Axe
20:23 Wheelbarrow
26:12 Castle Age
27:21 Bow Saw
28:20 Gold Mining
28:20 Stone Mining
33:35 Horse Collar
34:25 Hand Cart
37:56 Ballistics
40:09 Imperial Age
37:37 Gold Mining
39:06 Heavy Plow
41:25 Conscription
42:17 Chemistry
42:04 Rocketry
41:53 Fletching
42:03 Padded Archer Armor
42:14 Forging
42:04 Scale Mail Armor
42:56 Gold Shaft Mining
45:28 Two-Man Saw
45:32 Bodkin Arrow
45:52 Leather Archer Armor
46:13 Iron Casting
45:53 Chain Mail Armor
46:46 Elite Chu Ko Nu
51:03 Pikeman
55:24 Halberdier
56:06 Squires
57:33 Arson
57:13 Heavy Rocket Cart
59:28 Blast Furnace
58:59 Plate Mail Armor
58:29 Bracer
58:59 Ring Archer Armor
Bohuman
3:41 Loom
15:22 Feudal Age
16:06 Double-Bit Axe
17:25 Wheelbarrow
16:43 Horse Collar
22:00 Castle Age
23:43 Padded Archer Armor
25:31 Fletching
26:20 Hand Cart
26:37 Bow Saw
28:44 Heavy Plow
29:42 Scale Mail Armor
29:23 Pikeman
30:14 Forging
30:22 Fervor
30:32 Sanctity
31:13 Sanctity
31:48 Bodkin Arrow
32:53 Fishing Lines
38:00 Gillnets
39:27 Chemistry
38:45 Town Watch
39:46 Chain Mail Armor
40:07 Iron Casting
39:47 Leather Archer Armor
42:55 Imperial Age
41:05 Squires
41:20 Masonry
41:30 Ballistics
41:31 Caravan
41:36 Arson
41:58 Man-at-Arms
44:05 Conscription
45:07 Two-Man Saw
44:19 Bracer
44:49 Plate Mail Armor
44:43 Town Patrol
45:15 Ring Archer Armor
45:46 Blast Furnace
45:02 Siege Engineers
45:27 Architecture
45:33 Houfnice
46:59 Murder Holes
47:37 Halberdier
49:03 Wagenburg Tactics
52:55 Elite Skirmisher
57:58 Sappers
palomuno
7:15 Loom
11:09 Feudal Age
15:11 Double-Bit Axe
15:10 Horse Collar
15:23 Man-at-Arms
19:46 Castle Age
19:48 Crossbowman
20:20 Elite Skirmisher
22:05 Medium Warships
22:36 Long Swordsman
43:41 Imperial Age
41:12 Fishing Lines
42:01 Bow Saw
42:03 Heavy Plow
45:16 Heavy Warships
44:57 Gillnets
46:53 Wheelbarrow
46:16 Gold Mining
47:33 Two-Man Saw
49:13 Thumb Ring
51:04 Two-Handed Swordsman
51:10 Halberdier
55:51 Forging
55:48 Scale Mail Armor
59:06 Hand Cart
58:37 Arbalester
Connection lost

Rejoining the realm…

Still unreachable

The connection could not be restored.

Session expired

The server has moved on; the page needs a fresh start.